 Dungeon Sprint DCSS version 0.19-a0-1195-ge0bab27 (webtiles) character file.

133 Deeps the Cleaver (level 4, -3/40 HPs)
             Began as a Deep Dwarf Fighter on Aug 19, 2016.
             Was a Believer of Makhleb.
             Slain by a warg (13 damage)
             ... in the Dungeon (Sprint VII: "The Pits").
             The game lasted 00:01:14 (265 turns).

Deeps the Cleaver (Deep Dwarf Fighter)               Turns: 265, Time: 00:01:15

Health: -3/40      AC:  6    Str: 25    XL:     4   Next: 94%
Magic:  4/4        EV:  7    Int:  9    God:    Makhleb [**....]
Gold:   0          SH: 10    Dex: 12    Spells: 0 memorised, 3 levels left

rFire  . . .     SeeInvis .     a - +0 war axe
rCold  . . .     Gourm    .     b - +0 scale mail
rNeg   . . .     Faith    .     c - +0 shield
rPois  .         Spirit   .     (no helmet)
rElec  .         Dismiss  .     (no cloak)
rCorr  .         Reflect  .     (no gloves)
MR     .....     Harm     .     (no boots)
Stlth  .......... NoTele   +    (no amulet)
                                (no ring)
                                (no ring)

@: mighty, non-regenerating
A: damage resistance, recharge devices, sense surroundings 1, slow regeneration
3
a: Device Recharging, Minor Destruction, Renounce Religion


You were in the Dungeon.
You worshipped Makhleb.
Makhleb was pleased with you.
You were not hungry.

You visited 1 branch

Inventory:

Hand Weapons
 a - a +0 war axe (weapon)
 t - a +1 flail of protection
Armour
 b - a +0 scale mail (worn)
 c - a +0 shield (worn)
 s - a +3 chain mail
Wands
 e - a wand of heal wounds (5/9)
Scrolls
 l - a scroll of blinking
 n - 3 scrolls of remove curse
 o - 5 scrolls of amnesia
 p - a scroll of summoning
Potions
 g - 6 potions of curing
 h - 5 potions of heal wounds
 i - a potion of haste
 j - 4 potions of magic
 k - 3 potions of berserk rage
 m - 2 potions of invisibility
Comestibles
 f - 8 bread rations
 q - 40 fruits
 r - 7 meat rations


   Skills:
 - Level 2.6 Fighting
 + Level 10.8 Axes
 - Level 3.2 Armour
 - Level 3.2 Shields


You had 3 spell levels left.
You didn't know any spells.

Dungeon Overview and Level Annotations

Branches:
Dungeon (1/1)

Altars:
Ashenzari
Cheibriados
Dithmenos
Elyvilon
Fedhas
Gozag
Hepliaklqana
Kikubaaqudgha
Makhleb
Nemelex Xobeh
Okawaru
Qazlal
Ru
Sif Muna
Trog
Uskayaw
Vehumet
Xom
Yredelemnul
Zin
The Shining One
Beogh
Jiyva
Lugonu


Innate Abilities, Weirdness & Mutations

You are resistant to damage.
You can recharge devices by infusing magical energy.
You passively map a small area around you.
You do not regenerate.


Message History

You feel very mighty all of a sudden. The warg bites you!
The warg completely misses you.
A fire bat comes into view.
You hit the warg.
The warg is lightly wounded.
The warg bites you.
You hit the warg.
The warg is lightly wounded.
The warg bites you.
You hit the warg.
The warg is moderately wounded.
The warg bites you. The warg closely misses you.
You slash the warg!
The warg is severely wounded.
The warg bites you!
* * * LOW HITPOINT WARNING * * *
You barely miss the warg.
The warg is severely wounded.
The warg bites you!
You die...

##########.##.....
#...........'.....
#'#####'#####.....
#.#..#.†#..##.....
#.#..)..'..#####'#
#.##'####+###.....
#.#........##.....
#.#........##.....
#@#####)#####...<.
#h#....))..##.....
#g#...)).[.##.....
#Z###########.....


#lg , , , *###### #gb# ,* * * #... * , , ##.##* * , .. + , You could see a warg,
a gnoll sergeant, a fire bat, an iguana, 2 gnolls and a bat skeleton.

Vanquished Creatures
  A giant eyeball (D)
  A gnoll (D)
  An adder (D)
  An adder zombie (D)
  A giant gecko (D)
  A bat skeleton (D)
  A goblin (D)
  2 giant gecko skeletons (D)
  A giant newt (D)
10 creatures vanquished.

Notes
Turn   | Place    | Note
-------+----------+-------------------------------------------
     0 | D        | Deeps the Deep Dwarf Fighter began the quest for the Orb.
     0 | D        | Reached XP level 1. HP: 20/20 MP: 1/1
    48 | D        | Found a radiant altar of Vehumet.
    48 | D        | Found a hide-covered altar of Uskayaw.
    48 | D        | Found an ancient bone altar of Kikubaaqudgha.
    48 | D        | Found a viscous altar of Jiyva.
    48 | D        | Found a hazy altar of Hepliaklqana.
    49 | D        | Found a bloodstained altar of Trog.
    49 | D        | Found a deep blue altar of Sif Muna.
    49 | D        | Found a sacrificial altar of Ru.
    49 | D        | Found a stormy altar of Qazlal.
    49 | D        | Found an iron altar of Okawaru.
    49 | D        | Found a sparkling altar of Nemelex Xobeh.
    49 | D        | Found an opulent altar of Gozag.
    49 | D        | Found a blossoming altar of Fedhas.
    49 | D        | Found a white marble altar of Elyvilon.
    49 | D        | Found a shadowy altar of Dithmenos.
    49 | D        | Found a snail-covered altar of Cheibriados.
    50 | D        | Found a glowing golden altar of the Shining One.
    50 | D        | Found a glowing silver altar of Zin.
    51 | D        | Found a burning altar of Makhleb.
    51 | D        | Found a basalt altar of Yredelemnul.
    51 | D        | Found a roughly hewn altar of Beogh.
    52 | D        | Found a corrupted altar of Lugonu.
    52 | D        | Found a shimmering altar of Xom.
    52 | D        | Found a shattered altar of Ashenzari.
    61 | D        | Became a worshipper of Makhleb the Destroyer
    84 | D        | Reached skill level 3 in Axes
    95 | D        | Reached * piety under Makhleb
    95 | D        | Reached skill level 4 in Axes
    97 | D        | Noticed a giant eyeball
   101 | D        | Paralysed by a giant eyeball for 4 turns
   108 | D        | Reached skill level 5 in Axes
   108 | D        | Reached XP level 2. HP: 16/27 MP: 2/2
   109 | D        | Paralysed by a giant eyeball for 2 turns
   113 | D        | Killed a giant eyeball
   113 | D        | Reached skill level 10 in Axes
   113 | D        | Reached XP level 3. HP: 19/33 MP: 3/3
   113 | D        | Reached XP level 4. HP: 24/40 MP: 4/4
   122 | D        | Reached ** piety under Makhleb
   253 | D        | Noticed a warg
   254 | D        | Noticed a gnoll sergeant
   261 | D        | Noticed a fire bat
   265 | D        | Slain by a warg

Vault maps used:
D:        pitsprint

Skill      XL: |  1  2 |
---------------+-------+-----
Axes           | 5 10 | 10.8
Fighting       | |  2.6
Armour         | |  3.2
Shields        | |  3.2

Action                   |  1- 3 |  4- 6 || total
-------------------------+-------+-------++-------
Melee: War axe           |    26 |    19 ||    45
  Use: Potion            |       |     2 ||     2
Armor: Scale mail        |    17 |     4 ||    21
Dodge: Dodged            |     6 |     6 ||    12
Block: Shield            |    11 |     3 ||    14
